 Dungeon Crawl Stone Soup version 0.31.0-11-ge490571c62 (webtiles) character file.

Game seed: 13624234460666223541

25 Caestello the Apothecary (level 3, 0/19 HPs)
             Began as a Kobold Alchemist on Feb 5, 2024.
             Succumbed to an adder's poison
             ... on level 2 of the Dungeon.
             The game lasted 00:02:52 (1209 turns).

Caestello the Apothecary (Kobold Alchemist)         Turns: 1209, Time: 00:02:52

Health: 0/19       AC:  2    Str:  5    XL:     3   Next: 17%
Magic:  2/7        EV: 15    Int: 18    God:
Gold:   42         SH:  0    Dex: 15    Spells: 6/7 levels left

rFire   + . .        (weapon restricted)
rCold   + . .        (no shield)
rNeg    . . .        a - +0 robe
rPois   .            (no helmet)
rElec   .            i - scarf {rC+ rF+}
rCorr   .            (no gloves)
SInv    .            (no boots)
Will    .....        (no amulet)
Stlth   +++          (no ring)
HPRegen 0.23/turn    (no ring)
MPRegen 0.10/turn

%: no passive effects
@: lethally poisoned (0 -> -4), very slightly contaminated
A: small, no large weapons, nightstalker 3
a: no special abilities


You were on level 2 of the Dungeon.
You visited 1 branch of the dungeon, and saw 2 of its levels.

You collected 42 gold pieces.

Inventory:

Armour
 a - a +0 robe (worn)
 f - a +1 leather armour of fire resistance
 i - a scarf of resistance (worn)
Scrolls
 c - a scroll of identify {unknown}
 g - 2 scrolls of amnesia {unknown}
 h - a scroll of immolation {unknown}
 j - a scroll of vulnerability {unknown}
Potions
 b - a potion of magic
 d - a potion of berserk rage {unknown}
 e - a potion of enlightenment {unknown}


   Skills:
 + Level 0.1 Armour
 + Level 2.4 Dodging
 + Level 2.8 Stealth
 + Level 2.6 Spellcasting
 + Level 1.2 Conjurations
 + Level 3.5 Alchemy


You had 6 spell levels left.
You knew the following spells:

 Your Spells              Type           Power      Damage    Failure   Level
a - Sting                 Conj/Alch      44%        1d5       6%          1

Your spell library contained the following spells:

 Spells                   Type           Power      Damage    Failure   Level
 Mercury Vapours          Alch/Air       16%        N/A       12%         2
 Freeze                   Ice            8%         1d3       17%         1
 Mephitic Cloud           Conj/Alch/Air  8%         N/A       26%         3
 Hailstorm                Conj/Ice       4%         3d5       36%         3
 Olgreb's Toxic Radiance  Alch           15%        N/A       36%         4
 Frozen Ramparts          Ice            4%         1d1       45%         3
 Sticky Flame             Fire/Alch      8%         2d4       63%         4


Dungeon Overview and Level Annotations

Branches:
Dungeon (2/15)

Altars:


Innate Abilities, Weirdness & Mutations

You are small and have problems with some larger weapons.
You are completely attuned to the shadows.


Message History

The sting hits the hobgoblin but does no damage.
The hobgoblin is poisoned.
The hobgoblin shouts!
You hear a shout! x8
An adder comes into view.
You hear a shout! x3
The sting hits the hobgoblin but does no damage.
The hobgoblin looks even sicker.
The hobgoblin is lightly wounded.
The adder hisses angrily.
You hear a shout!
A goblin comes into view. It is wielding a +0 dagger.
The sting hits the hobgoblin.
The hobgoblin looks even sicker.
The hobgoblin is heavily wounded.
You kill the hobgoblin!
The adder attacks as it pursues you! The adder bites you.
You are poisoned.
The adder poisons you!
You feel sick.
The sting misses the adder.
You feel sick. The adder bites you but does no damage. The adder bites you.
The sting misses the adder.
You feel sick. The adder bites you.
You are more poisoned.
The adder poisons you!
You miscast Sting.
You are very lightly contaminated with residual magic.
Nothing appears to happen.
You feel very sick. The adder bites you. The goblin completely misses you.
You are too injured to fight recklessly!
You hit the adder.
The adder is lightly wounded.
You feel sick. The adder completely misses you. The goblin misses you.
You miss the adder.
The adder is lightly wounded.
* * * LOW HITPOINT WARNING * * *
You feel sick. The adder misses you. The adder bites you.
* * * LOW HITPOINT WARNING * * *
The goblin barely misses you.
You hit the adder.
The adder is moderately wounded.
You die...

.#............
..............
..............
.....###......
.##+#####.###.
.........#
.........#
.........#
.....@S..#
......g..#
.........##..
.............
.............
..........†..
..........
...####.#


You could see an adder and a goblin.

Vanquished Creatures
  A dart slug (D:2)
  A bat (D:1)
  An endoplasm (D:1)
  2 giant cockroaches (D:1)
  7 hobgoblins
  2 jackals (D:1)
  2 ball pythons (D:1)
  2 kobolds (D:1)
  A rat (D:1)
19 creatures vanquished.

Notes
Turn   | Place    | Note
-------+----------+-------------------------------------------
     0 | D:1      | Caestello the Kobold Alchemist began the quest for the Orb.
     0 | D:1      | Reached XP level 1. HP: 10/10 MP: 3/3
   304 | D:1      | Reached XP level 2. HP: 15/15 MP: 1/5
   898 | D:1      | Reached XP level 3. HP: 19/19 MP: 0/6
  1209 | D:2      | Succumbed to an adder's poison

Illustrated notes

Levels and vault maps discovered:
D:1:      dpeg_arrival_stonehenge_8_columns, layout_basic
D:2:      layout_basic, basic_altar, uniq_terence, uniq_sigmund, uniq_robin

Action                     || total
---------------------------++-------
  Melee: Unarmed           ||    25
   Cast: Sting             ||    40
 Armour: Robe              ||    20
         Leather armour    ||     2
  Dodge: Dodged            ||    27
